 Dungeon Crawl Stone Soup version 0.26-a0-613-g4f23886233 (webtiles) character file.

Game seed: 12189021525793998301

20782 Murumi the Fighter (level 12, -9/134 (136) HPs)
             Began as an Ogre Hedge Wizard on Sept 11, 2020.
             Was a High Priest of Okawaru.
             Mangled by a shadow (25 damage)
             ... in a Gauntlet.
             The game lasted 01:22:23 (21759 turns).

Murumi the Fighter (Ogre Hedge Wizard)             Turns: 21759, Time: 01:22:24

HP:   -9/134 (136)  AC: 10    Str: 32    XL:     12   Next: 83%
MP:   31/31         EV: 16    Int: 24    God:    Okawaru [*****.]
Gold: 1080          SH:  0    Dex: 11    Spells: 22/23 levels left

rFire    . . .     SeeInvis .   C - +4 flail of Feahatah {freeze, *Rage rPois Str+7 Int+4}
rCold    . . .     Faith    .   (no shield)
rNeg     + . .     Spirit   .   h - +2 robe "Ussauq" {Str+4 Dex+3}
rPois    +         Reflect  .   D - +3 hat of Pondering {ponderous, MR+ MP+10 Int+5}
rElec    .         Harm     .   l - +0 cloak
rCorr    .         Rnd*Rage +   (gloves unavailable)
MR       ++...     NoTele   +   (boots unavailable)
Stlth    ++++......             t - amulet of magic regeneration
HPRegen  0.32/turn              b - ring of stealth
MPRegen  0.47/turn              k - ring of positive energy

@: heroism, slow
A: large, unfitting armour, tough skin 1
a: Heroism, Finesse, Renounce Religion


You were in a Gauntlet.
You worshipped Okawaru.
Okawaru was extremely pleased with you.
You visited 3 branches of the dungeon, and saw 15 of its levels.
You also visited: Ossuary and Gauntlet.

You collected 1129 gold pieces.
You spent 49 gold pieces at shops.

Inventory:

Hand Weapons
 c - a +4 dire flail
 w - a +1 giant spiked club of electrocution
 C - the +4 flail of Feahatah (weapon) {freeze, *Rage rPois Str+7 Int+4}
   (You found it on level 9 of the Dungeon)

   It has been specially enchanted to freeze those struck by it, causing extra
   injury to most foes and up to half again as much damage against particularly
   susceptible opponents.
   It can also slow down cold-blooded creatures.
   It affects your strength (+7).
   It affects your intelligence (+4).
   It protects you from poison.
   It may make you go berserk in combat.
 H - a +1 great mace of protection
Armour
 h - the +2 robe "Ussauq" (worn) {Str+4 Dex+3}
   (Okawaru gifted it to you on level 2 of the Lair of Beasts)

   It affects your strength (+4).
   It affects your dexterity (+3).
 l - a +0 cloak (worn)
 D - the +3 hat of Pondering (worn) {ponderous, MR+ MP+10 Int+5}
   (You found it on level 9 of the Dungeon)

   It affects your intelligence (+5).
   It affects your resistance to hostile enchantments.
   It affects your magic capacity (+10).
Jewellery
 b - a ring of stealth (left hand)
 i - an uncursed ring of ice
 j - an uncursed ring of ice
 k - a ring of positive energy (right hand)
 t - an amulet of magic regeneration (around neck)
 v - an uncursed ring of flight
 L - the ring "Goodyl" {Fire *Slow MR+ Str+2}
   (You found it on level 1 of the Lair of Beasts)

   [ring of fire]

   It enhances your fire magic.
   It affects your strength (+2).
   It protects you from fire.
   It makes you vulnerable to cold.
   It affects your resistance to hostile enchantments.
   It may slow you when you take damage.
Wands
 g - a wand of paralysis (13)
 u - a wand of acid (7)
 y - a wand of disintegration (13)
 E - a wand of random effects (20)
Scrolls
 a - 9 scrolls of remove curse
 e - a scroll of fog
 f - 7 scrolls of teleportation
 r - a scroll of blinking
 s - 2 scrolls of magic mapping
 G - a scroll of enchant armour
Potions
 d - 7 potions of curing
 m - a potion of ambrosia
 n - 4 potions of cancellation
 o - a potion of resistance
 p - 3 potions of magic
 q - 3 potions of might
 x - a potion of flight
 z - 2 potions of haste
 A - a potion of invisibility
 B - 2 potions of stabbing
 I - a potion of brilliance
 J - 2 potions of heal wounds
 K - a potion of mutation
 M - a potion of berserk rage


   Skills:
 + Level 13.0(18.0) Fighting
 - Level 9.0(14.0) Maces & Flails
 - Level 7.0(12.0) Armour
 - Level 9.0(14.0) Dodging
 - Level 1.4(6.4) Stealth
 - Level 6.0 Spellcasting
 - Level 4.0 Conjurations
   Level 0.8 Summonings
   Level 0.8 Translocations
 - Level 6.0 Invocations
 - Level 3.0 Evocations


You had 22 spell levels left.
You knew the following spells:

 Your Spells              Type           Power        Failure   Level
a - Magic Dart            Conj           ####         1%          1

Your spell library contained the following spells:

 Spells                   Type           Power        Failure   Level
 Apportation              Tloc           ##....       5%          1
 Summon Small Mammal      Summ           ##..         5%          1
 Animate Skeleton         Necr           #.....       8%          1
 Corona                   Hex            #......      8%          1
 Blink                    Tloc           N/A          9%          2
 Call Imp                 Summ           ##......     9%          2
 Conjure Flame            Conj/Fire      ###.....     11%         3
 Slow                     Hex            #.......     12%         2
 Mephitic Cloud           Conj/Pois/Air  ##......     14%         3
 Gell's Gravitas          Tloc           ##........   17%         3
 Confusing Touch          Hex            #.......     24%         3
 Petrify                  Tmut/Erth      #.......     61%         4
 Metabolic Englaciation   Hex/Ice        #.........   91%         5
 Yara's Violent Unravell  Hex/Tmut       #.........   91%         5


Dungeon Overview and Level Annotations

Branches:
Dungeon (11/15)            Temple (1/1) D:5            Lair (3/6) D:11
 Shoals (0/4) Lair:3          Orc (0/2) D:10        Ossuary (visited)
Gauntlet (1/1)
  Snake: Lair:2-4    Spider: Lair:2-4

Altars:
Ashenzari
Cheibriados
Dithmenos
Elyvilon
Fedhas
Gozag
Hepliaklqana
Kikubaaqudgha
Makhleb
Nemelex Xobeh
Okawaru
Qazlal
Ru
Sif Muna
Trog
Uskayaw
Vehumet
Wu Jian
Xom
Yredelemnul
Zin
The Shining One

Shops:
D:6 =   D:8 *   D:9 (

Annotations:
Lair:2 exclusion: 2 oklob plants Gauntlet 13 transporters, 2 runed translucent doors


Innate Abilities, Weirdness & Mutations

You are too large for most types of armour.
You have tough skin. (AC +1)


Message History

You miss something.
The shadow strikes at you from the darkness!
Reactivating autopickup.
You sock the shadow!
You destroy the shadow!
Okawaru accepts your kill.
You start resting.
The shadow strikes at you from the darkness!
* * * LOW HITPOINT WARNING * * *
You bludgeon the shadow!!
The shadow is severely damaged.
You bludgeon the shadow!!
You destroy the shadow!
Okawaru accepts your kill.
Base training target 9.0 for Dodging reached!
Your base Dodging skill increases to level 9!
You need to enable at least one skill for training.
You start resting.
The shadow strikes at you from the darkness!
You die...

##≈.##.#h#h##.≈##
#≈≈.#########.≈≈#
##≈.#8..©#....≈##
##.#©...#.8..##
##≈.#8..©#....≈##
#≈≈.#########.≈≈#
##≈.#.??©...#.≈##
##.#.#...#.#.##
##≈.#..^###@#.≈##
#≈≈.#.#.©.#.#.≈≈#
##≈.#.###^..#.≈##
##.#.#...#.#.##
##≈.#...###.#.≈##
#≈≈.#########.≈≈#
##≈.....©.....≈##
##...........##
#≈...∩...∩...≈#


There were no monsters in sight!

Vanquished Creatures
  The ghost of Zingih the Fighter, a journeyman GnWn of Cheibriados (Lair:1)
  2 two-headed ogres
  An unseen horror (D:10)
  2 ugly things (D:10)
  A manticore (D:11)
  3 centaur zombies
  A cane toad (Lair:1)
  3 rime drakes (Lair:1)
  2 komodo dragons
  A tengu conjurer (D:9)
  2 trolls
  5 blink frogs (Lair:1)
  2 hornets
  A slime creature (Lair:2)
  5 hippogriffs
  3 shadows (Gauntlet)
  2 wraiths (D:10)
  14 yaks
  Edmund (D:5)
  5 water moccasins
  Duvessa (D:6)
  A porcupine (Lair:1)
  2 phantoms
  2 sky beasts
  5 orc warriors
  2 ice beasts
  2 black bears
  4 necrophages (D:10)
  7 ogres
  A centaur (D:10)
  7 crocodiles
  2 wolves (D:11)
  2 big kobolds
  9 bullfrogs
  A wyvern zombie (D:8)
  A cane toad simulacrum (Lair:1)
  A wyvern skeleton (D:7)
  Dowan (D:6)
  4 scorpions
  18 killer bees
  8 wights
  A rime drake simulacrum (Lair:1)
  3 electric eels
  3 quasits
  3 bullfrog zombies
  8 jellies
  14 orc priests
  2 water moccasin simulacra (Lair:1)
  A bullfrog skeleton (D:5)
  A centaur skeleton (D:7)
  12 hounds
  14 orc wizards
  2 iguanas (D:9)
  Terence (D:3)
  5 worker ants
  2 killer bee zombies
  2 big kobold zombies (Ossuary)
  A porcupine simulacrum (Lair:1)
  2 hound skeletons
  6 mummies
  A howler monkey zombie (D:10)
  A worker ant zombie (D:9)
  A howler monkey skeleton (D:5)
  13 adders
  3 shadow imps
  3 white imps
  2 ufetubi
  13 oozes
  3 adder zombies (Ossuary)
  2 adder skeletons
  5 worms
  A dart slug (D:1)
  8 leopard geckos
  53 orcs
  A ball python (D:1)
  8 giant cockroaches
  4 gnoll zombies (Ossuary)
  11 hobgoblins
  13 jackals
  4 quokkas
  4 bats
  5 frilled lizards
  6 goblins
  6 hobgoblin zombies (Ossuary)
  18 kobolds
  2 kobold zombies (Ossuary)
  A leopard gecko skeleton (D:5)
  8 orc zombies (Ossuary)
  4 rats
425 creatures vanquished.

Vanquished Creatures (others)
  9 fungi
  3 plants
  4 toadstools (D:6)
  8 withered plants (D:10)
24 creatures vanquished.

Grand Total: 449 creatures vanquished

Notes
Turn   | Place    | Note
-------+----------+-------------------------------------------
     0 | D:1      | Murumi the Ogre Hedge Wizard began the quest for the Orb.
     0 | D:1      | Reached XP level 1. HP: 16/16 MP: 5/5
    90 | D:1      | Reached skill level 1 in Conjurations
   445 | D:1      | Reached XP level 2. HP: 7/26 MP: 7/7
   702 | D:1      | Reached skill level 1 in Fighting
  1220 | D:1      | Reached skill level 2 in Fighting
  1609 | D:2      | Reached XP level 3. HP: 28/35 MP: 1/8
  1695 | D:2      | Reached skill level 1 in Maces & Flails
  2037 | D:2      | Reached skill level 3 in Fighting
  2108 | D:2      | Found an ornate altar of the Wu Jian Council.
  2552 | D:2      | Reached XP level 4. HP: 37/45 MP: 10/10
  2744 | D:2      | Reached skill level 4 in Fighting
  2908 | D:3      | Found a hazy altar of Hepliaklqana.
  3658 | D:3      | Reached XP level 5. HP: 45/54 MP: 8/11
  3901 | D:3      | Reached skill level 1 in Armour
  4183 | D:3      | Reached skill level 1 in Evocations
  4499 | D:3      | Noticed Terence
  4864 | D:3      | Killed Terence
  4911 | D:3      | Reached skill level 5 in Fighting
  5363 | D:4      | Found a sand-covered staircase.
  5370 | Ossuary  | Entered an ossuary
  5478 | Ossuary  | Reached XP level 6. HP: 53/66 MP: 12/12
  5982 | Ossuary  | Reached skill level 6 in Fighting
  7256 | D:5      | Entered Level 5 of the Dungeon
  7399 | D:5      | Found a staircase to the Ecumenical Temple.
  7465 | D:5      | Reached XP level 7. HP: 17/75 MP: 13/13
  7481 | Temple   | Entered the Ecumenical Temple
  8038 | D:5      | Noticed Edmund
  8097 | D:5      | Killed Edmund
  8097 | D:5      | Reached skill level 7 in Fighting
  8389 | D:5      | Found a shadowy altar of Dithmenos.
  9019 | D:5      | Found a bloodstained altar of Trog.
  9266 | D:6      | Found Liull's Jewellery Emporium.
  9274 | D:6      | Bought a cursed ring of teleportation for 49 gold pieces
  9428 | D:6      | Found an iron altar of Okawaru.
  9436 | D:6      | Became a worshipper of Warmaster Okawaru
  9648 | D:6      | Reached skill level 8 in Fighting
  9648 | D:6      | Reached skill level 1 in Invocations
  9706 | D:6      | Reached XP level 8. HP: 83/88 MP: 11/14
  9839 | D:6      | Found a shadowy altar of Dithmenos.
  9900 | D:6      | Noticed Dowan
  9902 | D:6      | Noticed Duvessa
  9911 | D:6      | Killed Duvessa
  9928 | D:6      | Killed Dowan
 10565 | D:6      | Reached * piety under Okawaru
 11476 | D:7      | Reached skill level 9 in Fighting
 12834 | D:7      | Reached XP level 9. HP: 82/98 MP: 15/15
 12945 | D:8      | Reached skill level 5 in Maces & Flails
 13304 | D:8      | Reached skill level 5 in Dodging
 13530 | D:8      | Reached ** piety under Okawaru
 13723 | D:8      | Reached skill level 10 in Fighting
 14145 | D:8      | Found Gozag's Platinum Reserve.
 14228 | D:8      | Found an opulent altar of Gozag.
 14597 | D:9      | Got an iridescent flail
 14597 | D:9      | Identified the +4 flail of Feahatah {freeze, *Rage rPois
                  | Str+7 Int+4} (You found it on level 9 of the Dungeon)
 14793 | D:9      | Found the +3 hat of Pondering {ponderous, MR+ MP+10 Int+5}
 15010 | D:9      | Reached XP level 10. HP: 89/110 MP: 16/16
 15438 | D:9      | Found a sacrificial altar of Ru.
 15444 | D:9      | Reached *** piety under Okawaru
 15481 | D:9      | Found an ancient bone altar of Kikubaaqudgha.
 15490 | D:9      | Reached skill level 11 in Fighting
 15680 | D:9      | Found Zoufewe's Weapon Shoppe.
 15799 | D:9      | Found a sacrificial altar of Ru.
 16139 | D:10     | Entered Level 10 of the Dungeon
 16485 | D:10     | Reached **** piety under Okawaru
 16627 | D:10     | Reached skill level 5 in Armour
 16793 | D:10     | Noticed a purple ugly thing
 16803 | D:10     | Killed a purple ugly thing
 16803 | D:10     | Reached ***** piety under Okawaru
 16914 | D:10     | Reached skill level 5 in Spellcasting
 16914 | D:10     | Reached XP level 11. HP: 114/118 MP: 18/18
 16921 | D:10     | Noticed a two-headed ogre
 16929 | D:10     | Killed a two-headed ogre
 16929 | D:10     | Reached skill level 5 in Invocations
 17222 | D:10     | Found a staircase to the Orcish Mines.
 17281 | D:10     | Killed an unseen horror
 17708 | D:10     | Received a gift from Okawaru
 17862 | D:11     | Noticed a brown ugly thing
 17864 | D:11     | Reached skill level 12 in Fighting
 17874 | D:10     | Killed a brown ugly thing
 17996 | D:11     | Noticed a two-headed ogre
 18013 | D:11     | Killed a two-headed ogre
 18346 | D:11     | Reached XP level 12. HP: 87/130 MP: 19/19
 18847 | D:11     | Found a staircase to the Lair.
 19115 | Lair:1   | Entered Level 1 of the Lair of Beasts
 19125 | Lair:1   | Found a runed translucent gate.
 19125 | Lair:1   | Found a runed translucent gate.
 19125 | Lair:1   | Found a runed translucent gate.
 19182 | Lair:1   | Received a gift from Okawaru
 19774 | Lair:1   | Noticed Zingih's ghost (journeyman GnWn)
 19896 | Lair:1   | You fall into a shaft and drop 1 floor!
 20261 | Lair:1   | Reached skill level 13 in Fighting
 20351 | Lair:1   | Killed Zingih's ghost
 20419 | Lair:1   | Got the ring "Goodyl" {Fire}
 20555 | Lair:2   | Identified the ring "Goodyl" {Fire *Slow MR+ Str+2} (You
                  | found it on level 1 of the Lair of Beasts)
 20951 | Lair:2   | Received a gift from Okawaru
 21045 | Lair:2   | Got a sheer robe {god gift}
 21055 | Lair:2   | Identified the +2 robe "Ussauq" {Str+4 Dex+3} (Okawaru
                  | gifted it to you on level 2 of the Lair of Beasts)
 21257 | Lair:2   | Found a blossoming altar of Fedhas.
 21597 | Lair:3   | Found a gate leading to a gauntlet.
 21601 | Gauntlet | Entered a Gauntlet
 21601 | Gauntlet | Found a transporter.
 21610 | Gauntlet | Found a transporter.
 21613 | Gauntlet | Found a transporter.
 21614 | Gauntlet | Found a transporter.
 21623 | Gauntlet | Found a transporter.
 21625 | Gauntlet | Found a transporter.
 21626 | Gauntlet | Found a transporter.
 21635 | Gauntlet | Found a transporter.
 21637 | Gauntlet | Found a transporter.
 21638 | Gauntlet | Found a transporter.
 21642 | Gauntlet | Noticed a hell beast
 21646 | Gauntlet | Found a transporter.
 21649 | Gauntlet | Found a transporter.
 21650 | Gauntlet | Found a transporter.
 21654 | Gauntlet | Found a runed translucent door.
 21656 | Gauntlet | Found a runed translucent door.
 21658 | Gauntlet | Found a transporter.
 21759 | Gauntlet | Mangled by a shadow

Illustrated notes

Levels and vault maps discovered:
D:1:      eino_arrival_water_cross, layout_basic
D:2:      layout_loops_corners, lemuel_doored_altar
D:3:      layout_loops_ring, lemuel_crystal_altar, st_stairs_8, uniq_terence
D:4:      layout_basic, nicolae_ossuary_entry_monument
D:5:      layout_basic, nicolae_overflow_hidden_temple,
          minmay_temple_entry_sparse_star,
          nicolae_dithmenos_through_a_glass_darkly, uniq_edmund
D:6:      layout_basic, kennysheep_little_box, lemuel_coloured_pillars_altar,
          serial_shops, shop, minmay_gold_behind_fungi,
          kennysheep_generic_room_5, uniq_duvessa
D:7:      layout_layer_cave
D:8:      layout_loops_ring, nicolae_gozag_zags_fifth_avenue,
          kennysheep_generic_room_7
D:9:      layout_basic, overflow_temple_1_default, old_standard_altar,
          serial_shops, shop, nicolae_ru_awakened_eye
D:10:     layout_roguey, hiddenorc2_lemuel, serial_undead, serial_undead_b,
          serial_undead_b, serial_undead_f, serial_undead_a, serial_undead_d,
          serial_undead_e
D:11:     layout_rooms, erik_lair_island, hangedman_decor_riveting
Temple:   minmay_temple_curvy_branch
Lair:1:   layout_long_grid, gammafunk_ghost_icy, minivault_19
Lair:2:   lemuel_slime, layout_chaotic_city, tgw_fedhas,
          infiniplex_staircase_pool, minmay_lair_oklob_chamber,
          serial_bayou_shore_b
Lair:3:   layout_cave_pods, elwin_shoals_entry_stream, gauntlet_entry_generic,
          lemuel_fruit_tree
Gauntlet: gammafunk_gauntlet_77_escape_option
          [minmay_gauntlet_arena_77_broken_ladder,
          minmay_gauntlet_arena_77_checkered,
          minmay_gauntlet_arena_77_terracotta_army,
          minmay_gauntlet_arena_77_fan, minmay_gauntlet_arena_77_cramped,
          gauntlet_exit_spiral]

Skill      XL: |  1  2  3  4  5  6  7  8  9 10 11 12 |
---------------+-------------------------------------+-----
Dodging        | 2 3 4 6 7 8 9 |  9.0
Conjurations   | 1 2 3 4 |  4.0
Spellcasting   | 4 5 6 |  6.0
Fighting       | 2 3 4 5 6 8 9 10 11 12 13 | 13.0
Maces & Flails | 1 2 3 4 6 7 8 9 |  9.0
Armour         | 1 2 5 6 7 |  7.0
Evocations     | 1 2 3 |  3.0
Invocations    | 2 3 4 5 6 |  6.0
Stealth        | |  1.4
Summonings     | |  0.8
Translocations | |  0.8

Action                   |  1- 3 |  4- 6 |  7- 9 | 10-12 || total
-------------------------+-------+-------+-------+-------++-------
Melee: Whip              |   129 |   450 |    18 |       ||   597
       Mace              |    12 |       |       |       ||    12
       Dire flail        |       |       |   276 |       ||   276
       Flail             |       |       |    29 |   662 ||   691
       Punch             |       |       |       |     2 ||     2
 Cast: Magic Dart        |    52 |   161 |   185 |   316 ||   714
Invok: Heroism           |       |       |       |    14 ||    14
       Finesse           |       |       |       |     2 ||     2
Evoke: Wand              |       |     4 |     6 |     1 ||    11
  Use: Scroll            |     8 |     6 |     8 |     9 ||    31
       Potion            |       |     2 |     6 |     1 ||     9
 Stab: Sleeping          |     1 |     1 |     4 |     4 ||    10
       Paralysed         |       |     4 |     4 |       ||     8
Armor: Robe              |    49 |   109 |   117 |    10 ||   285
       Troll leather arm |       |       |       |   172 ||   172
Dodge: Dodged            |    51 |   203 |   223 |   309 ||   786

Table legend: (Time is in decaauts)
 A = Elapsed time spent in this place.
 B = Non-inter-level travel time spent in this place.
 C = Inter-level travel time spent in this place.
 D = Time resting spent in this place.
 E = Time spent auto-exploring this place.
 F = Levels seen in this place.
 G = Mean time per level.
                   A        B        C        D        E       F      G
               +--------+--------+--------+--------+--------+-----+--------+
         Total |  22303 |  20822 |   1481 |   2018 |  15213 |  17 | 1311.9 |
       Dungeon |  18003 |  16673 |   1330 |   1897 |  11844 |  11 | 1636.6 |
        Temple |    472 |    467 |      5 |      0 |    467 |   1 |  472.0 |
          Lair |   2644 |   2500 |    144 |    119 |   1984 |   3 |  881.3 |
       Ossuary |   1014 |   1014 |      0 |      2 |    774 |   1 | 1014.0 |
      Gauntlet |    167 |    167 |      0 |      0 |    143 |   1 |  167.0 |
               +--------+--------+--------+--------+--------+-----+--------+

Top non-repeatable levels by time:
     D:6: 2635 daAuts
     D:2: 2490 daAuts
    D:10: 1904 daAuts
     D:1: 1643 daAuts
     D:9: 1637 daAuts
     D:8: 1467 daAuts
     D:7: 1418 daAuts
     D:5: 1396 daAuts
  Lair:1: 1351 daAuts
  Lair:2: 1266 daAuts
    D:11: 1234 daAuts
     D:3: 1224 daAuts
 Ossuary: 1014 daAuts
     D:4: 949 daAuts
  Temple: 472 daAuts
